 Dungeon Crawl Stone Soup version 0.31-a0-145-g046c7d2549 (webtiles) character file.

Game seed: 15015340310046849479

131 marky1606 the Ruffian (level 4, -3/35 HPs)
             Began as a Demonspawn Fighter on June 5, 2023.
             Slain by a river rat (6 damage)
             ... on level 3 of the Dungeon.
             The game lasted 00:05:30 (2304 turns).

marky1606 the Ruffian (Demonspawn Fighter)          Turns: 2304, Time: 00:05:31

Health: -3/35      AC: 10    Str: 18    XL:     4   Next: 91%
Magic:  4/4        EV:  9    Int: 10    God:
Gold:   126        SH:  4    Dex: 12    Spells: 3/3 levels left

rFire   . .          .
                       - Unarmed
rCold   . . .        b - +0 buckler
rNeg    . . .        a - +0 scale mail
rPois   .            (no helmet)
rElec   .            n - scarf {shadows}
rCorr   .            q - +2 pair of gloves
SInv    .            (no boots)
Will    .....        (no amulet) Stlth
                     f - ring of flight
HPRegen 0.25/turn    (no ring)
MPRegen 0.18/turn

%: no passive effects
@: flying
A: magic regeneration
a: no special abilities


You were on level 3 of the Dungeon.
You visited 1 branch of the dungeon, and saw 3 of its levels.

You collected 126 gold pieces.

Inventory:

Armour
 a - a +0 scale mail (worn)
 b - a +0 buckler (worn)
 e - a +0 leather armour of cold resistance
 n - a scarf of shadows (worn)
 q - a +2 pair of gloves (worn)
 s - a +0 hat
Jewellery
 f - a ring of flight (left hand)
 g - an amulet of reflection
Scrolls
 h - a scroll of teleportation {unknown}
 i - a scroll of noise {unknown}
 l - 2 scrolls of identify {unknown}
 m - a scroll of enchant weapon {unknown}
 o - 2 scrolls of enchant armour {unknown}
 r - a scroll of magic mapping {unknown}
 t - a scroll of poison {unknown}
Potions
 c - a potion of might
 d - 3 potions of curing {unknown}
 j - a potion of mutation {unknown}
 k - a potion of heal wounds {unknown}
 p - a potion of degeneration {unknown}


   Skills:
 + Level 3.4 Fighting
 + Level 3.3 Armour
 + Level 3.1 Shields
 * Level 3.6 Unarmed Combat


You had 3 spell levels left.
You didn't know any spells.
Your spell library was empty.

Dungeon Overview and Level Annotations

Branches:
Dungeon (3/15)

Altars:


Innate Abilities, Weirdness & Mutations

You regenerate magic rapidly.


Message History

The rat twitches its whiskers.
The rat barely misses you.
The river rat bites you but does no damage.
You barely miss the rat. You block the rat's attack.
You block the river rat's attack.
You closely miss the rat.
You hear the brisk rusting of a drain very nearby.
The rat bites you but does no damage. The river rat bites you.
* * * LOW HITPOINT WARNING * * *
You hit the rat.
The rat is heavily wounded.
The rat bites you but does no damage. The river rat bites you.
* * * LOW HITPOINT WARNING * * *
You closely miss the rat.
The rat is heavily wounded.
The rat closely misses you.
The river rat bites you but does no damage.
You hit the rat but do no damage.
The rat is heavily wounded.
The rat bites you but does no damage.
The river rat bites you but does no damage.
You hit the rat.
You kill the rat!
The river rat closely misses you.
You see here a rat corpse.
You closely miss the river rat.
The river rat is moderately wounded.
The river rat barely misses you.
You barely miss the river rat.
The river rat is moderately wounded.
You block the river rat's attack.
You hit the river rat.
The river rat is heavily wounded.
The river rat bites you but does no damage.
You hit the river rat but do no damage.
The river rat is heavily wounded.
You hit the river rat but do no damage.
The river rat is heavily wounded.
The river rat bites you.
You die...

#...#....######
#...###### #####...#
#.......# ## #.###.###
~# #.# ~# #.# ~# #.#
####~#~# #.# #~r@~~~#
#.# #~######### #.#
#~~~~~~~~~# #.#
#####~#~#~~# #.#
#..~~~~~.~..
#####.#######....~...?..
...........†............
############............
#############


You could see a river rat.

Vanquished Creatures
  6 adders
  2 river rats (D:3)
  2 worms
  A dart slug (D:1)
  4 orcs
  3 endoplasms (D:2)
  11 goblins
  4 hobgoblins
  4 jackals (D:2)
  2 quokkas
  2 ball pythons
  2 frilled lizards
  8 rats
51 creatures vanquished.

Notes
Turn   | Place    | Note
-------+----------+-------------------------------------------
     0 | D:1      | marky1606 the Demonspawn Fighter began the quest for the
                  | Orb.
     0 | D:1      | Reached XP level 1. HP: 18/18 MP: 1/1
   810 | D:2      | Gained mutation: You regenerate magic rapidly. [demonic
                  | ancestry]
   810 | D:2      | Reached XP level 2. HP: 21/24 MP: 2/2
  1027 | D:2      | Reached XP level 3. HP: 16/29 MP: 3/3
  1394 | D:2      | Found a faded altar of an unknown god.
  2079 | D:3      | Reached XP level 4. HP: 19/35 MP: 4/4
  2295 | D:3      | HP: 1/35 [river rat (2)]
  2304 | D:3      | Slain by a river rat

Illustrated notes

Levels and vault maps discovered:
D:1:      matt_arrival_diagonals, layout_basic, corner_web_ring,
          corexii_leaking_fountain
D:2:      layout_loops_corners, shapermc_ecumenical_altar_hornbeckon
D:3:      cheibrodos_greedy_goblins, layout_basic, amcnicky_altar_gilded,
          lightli_sewer_entry_pipes, kennysheep_small_spiral,
          kennysheep_nondescript, nicolae_elevator_lobby_plus

Skill      XL: |  1  2  3  4 |
---------------+-------------+-----
Unarmed Combat | 2 3 |  3.6
Armour         | 3 |  3.3
Shields        | 3 |  3.1
Fighting       | |  3.4

Action                     |  1- 3 |  4- 6 || total
---------------------------+-------+-------++-------
  Melee: Unarmed           |   149 |   112 ||   261
 Armour: Scale mail        |    63 |    27 ||    90
  Dodge: Dodged            |    59 |    38 ||    97
  Block: Buckler           |    26 |    23 ||    49

Table legend: (Time is in decaauts)
 A = Elapsed time spent in this place.
 B = Non-inter-level travel time spent in this place.
 C = Inter-level travel time spent in this place.
 D = Time resting spent in this place.
 E = Time spent auto-exploring this place.
 F = Levels seen in this place.
 G = Mean time per level.
                   A        B        C        D        E       F      G
               +--------+--------+--------+--------+--------+-----+--------+
         Total |   2299 |   2266 |     33 |     96 |   1456 |   3 |  766.3 |
       Dungeon |   2299 |   2266 |     33 |     96 |   1456 |   3 |  766.3 |
               +--------+--------+--------+--------+--------+-----+--------+

Top non-repeatable levels by time:
     D:2: 1181 daAuts
     D:1: 754 daAuts
     D:3: 363 daAuts
